 Dungeon Crawl Stone Soup version 0.19-a0-459-gb8ed64d (webtiles) character file.

688629 Ijustatesigmund the Executioner (level 27, -2/366 HPs)
             Began as a Hill Orc Fighter on May 31, 2016.
             Was a Priest of Uskayaw.
             Killed from afar by an orb of fire (50 damage)
             ... with a fireball
             ... on level 4 of the Realm of Zot on June 2, 2016.
             The game lasted 05:26:24 (58917 turns).

Ijustatesigmund the Executioner (Hill Orc Fighter) Turns: 58917, Time: 05:26:25

Health: -2/366     AC: 34    Str: 32    XL:     27
Magic:  29/33      EV: 22    Int: 10    God:    Uskayaw [***...]
Gold:   4609       SH: 37    Dex: 22    Spells: 9 memorised, 24 levels left

rFire  . . .     SeeInvis +     a - +9 war axe (vamp)
rCold  + + +     Gourm    .     z - +1 plate armour of Sin {Regen+ rCorr}
rNeg   . . .     Faith    .     Z - +5 large shield of Greed {rElec}
rPois  .         Spirit   .     C - +2 hat
rElec  +         Dismiss  .     I - +1 cloak {MR+}
rCorr  +         Reflect  +     m - +2 pair of gloves {archery}
SustAt .         Harm     .     r - +4 pair of boots of Ru's Supremacy {rC++}
MR     +++..                    d - brooch of Shielding {Reflect SH+8}
Stlth  ..........               t - +6 ring of evasion
                                v - ring "Ifapiesa" {Str+4 Dex+3 Slay+2 SInv}

@: berserking, very slightly contaminated, hasted, drained, very quick,
extremely resistant to hostile enchantments, extremely unstealthy
A: horns 2, thin metallic scales 1, clever 1, cold resistance 1, low mp 1,
mutation resistance 1
a: Stomp, Line Pass, Renounce Religion
}: 3/15 runes: serpentine, barnacled, silver


You were on level 4 of the Realm of Zot.
You worshipped Uskayaw.
Uskayaw was most pleased with you.
You were not hungry.

You visited 10 branches of the dungeon, and saw 51 of its levels.
You visited 1 ziggurat, and saw 13 of its levels.
You also visited: Sewer, Bailey, Ice Cave and Wizlab.

You collected 8265 gold pieces.
You spent 3656 gold pieces at shops.

Inventory:

Hand Weapons
 a - a +9 vampiric war axe (weapon)
Missiles
 n - 8 steel javelins (quivered)
Armour
 m - a +2 pair of gloves of archery (worn)
 r - the +4 pair of boots of Ru's Supremacy (worn) {rC++}
   (You found it on level 5 of a ziggurat)

   It greatly protects you from cold.
 z - the +1 plate armour of Sin (worn) {Regen+ rCorr}
   (You found it on level 11 of a ziggurat)

   It increases your rate of regeneration.
   It protects you from acid and corrosion.
 C - a +2 hat (worn)
 I - a +1 cloak of magic resistance (worn)
 Z - the +5 large shield of Greed (worn) {rElec}
   (You acquired it on level 4 of the Shoals)

   It insulates you from electricity.
Jewellery
 c - an uncursed ring of protection from fire
 d - the brooch of Shielding (around neck) {Reflect SH+8}
   (You found it on level 5 of the Depths)

   [amulet of reflection]

   It shields you and reflects attacks.
   It affects your SH (+8).
 h - the ring "Edu Seng" {rPois rN+ Str+3}
   (You found it on level 4 of the Depths)

   [ring of positive energy]

   It affects your strength (+3).
   It protects you from poison.
   It protects you from negative energy.
 t - a +6 ring of evasion (right hand)
 u - an uncursed amulet of regeneration
 v - the ring "Ifapiesa" (left hand) {Str+4 Dex+3 Slay+2 SInv}
   (You found it on level 9 of a ziggurat)

   [ring of see invisible]

   It affects your strength (+4).
   It affects your dexterity (+3).
   It affects your accuracy and damage with ranged weapons and melee attacks
   (+2).
   It lets you see invisible.
 D - an uncursed ring of protection from fire
 G - an uncursed ring of protection from fire
 Y - an uncursed ring of resist corrosion
Wands
 g - a wand of hasting (3/9)
 l - a wand of lightning (8/15)
 y - a wand of lightning (8/15)
 F - a wand of acid (8/15)
 K - a wand of digging (22/24)
 N - a wand of acid (3/15)
 R - a wand of iceblast (4/15)
 T - a wand of enslavement (5/24)
Scrolls
 b - 4 scrolls of fog
 k - 4 scrolls of teleportation
 w - 8 scrolls of remove curse
 A - 5 scrolls of identify
 H - a scroll of holy word
 L - 4 scrolls of silence
 M - 5 scrolls of fear
 O - 4 scrolls of recharging
 V - a scroll of magic mapping
Potions
 e - 3 potions of agility
 i - 10 potions of curing
 j - 9 potions of flight
 p - 2 potions of berserk rage
 s - 2 potions of magic
 x - 10 potions of brilliance
 B - a potion of might
 E - 9 potions of cure mutation
 P - a potion of cancellation
 Q - a potion of beneficial mutation
 S - 2 potions of heal wounds
Books
 o - a book of Fire

   Spells                             Type                      Level
   a - Ignite Poison                  Fire/Transmutation/Poison    3
   b - Fireball                       Conjuration/Fire             5
   c - Bolt of Fire                   Conjuration/Fire             6
   d - Delayed Fireball               Conjuration/Fire             7
   e - Ring of Flames                 Charms/Fire                  7
Miscellaneous
 J - a phantom mirror
Comestibles
 f - 20 bread rations
 q - 12 meat rations


   Skills:
 - Level 19.6(19.5) Fighting
 - Level 21.5 Axes
 - Level 6.6(6.5) Throwing
 - Level 16.0(15.9) Armour
 - Level 11.4(11.3) Dodging
 - Level 12.1(12.0) Stealth
 - Level 17.2(17.1) Shields
 - Level 9.9 Spellcasting
 - Level 14.0(13.9) Charms
 - Level 11.3(11.2) Summonings
 - Level 10.0(9.9) Necromancy
 - Level 13.8(13.7) Translocations
 - Level 7.9 Air Magic
 - Level 17.0(16.9) Invocations
 + Level 19.0(18.9) Evocations


You had 24 spell levels left.
You knew the following spells:

 Your Spells              Type           Power        Failure   Level  Hunger
a - Repel Missiles        Chrm/Air       ####..       3%          2    #......
b - Apportation           Tloc           ####......   1%          1    None
c - Swiftness             Chrm/Air       ####....     3%          2    #......
d - Blink                 Tloc           N/A          1%          2    #......
e - Portal Projectile     Tloc           ####..       1%          3    ##.....
f - Passage of Golubria   Tloc           N/A          10%         4    ####...
g - Regeneration          Chrm/Necr      ####......   6%          3    ##.....
h - Vampiric Draining     Necr           ###.......   12%         3    ##.....
i - Summon Butterflies    Summ           ####....     1%          1    None


Dungeon Overview and Level Annotations

Branches:
Dungeon (15/15)            Temple (1/1) D:4            Lair (8/8) D:8
 Shoals (4/4) Lair:4        Snake (4/4) Lair:4        Slime (0/6) Lair:8
    Orc (2/2) D:11            Elf (3/3) Orc:2        Vaults (5/5) D:13
  Crypt (0/3) Vaults:2     Depths (5/5) D:15            Zot (4/5) Depths:5

Altars:
Ashenzari
Cheibriados
Dithmenos
Elyvilon
Gozag
Hepliaklqana
Kikubaaqudgha
Makhleb
Nemelex Xobeh
Okawaru
Pakellas
Qazlal
Ru
Sif Muna
Trog
Uskayaw
Vehumet
Xom
Yredelemnul
Zin
The Shining One

Shops:
D:7 *   D:12 %   Orc:2 =[[*   Elf:2 :   Shoals:3 }   Snake:1 [   Snake:2 *
Vaults:2 [

Portals:
Hell: Lair:8 Depths:1 Depths:2 Depths:3 Depths:4 Depths:5
Abyss: Depths:4 Depths:5
Pandemonium: Depths:3 Depths:4 Depths:5

Annotations:
Shoals:2 exclusion: Roxanne, Roxanne


Innate Abilities, Weirdness & Mutations

You have a pair of horns on your head.
You are partially covered in thin metallic scales. (AC +2)
Your mind is acute. (Int +2)
Your flesh is cold resistant. (rC+)
Your magical capacity is low. (-10% MP)
You are somewhat resistant to further mutation.


Message History

You miss the orb of fire.
You headbutt the orb of fire, but do no damage.
The orb of fire is moderately damaged.
Your shield and plate armour of Sin prevent you from hitting the orb of fire.
Your headbutt misses the orb of fire.
The orb of fire is moderately damaged.
You slash the orb of fire!
The orb of fire is heavily damaged.
You closely miss the orb of fire.
You headbutt the orb of fire, but do no damage.
The orb of fire is heavily damaged.
You slice the orb of fire!! Your headbutt misses the orb of fire.
The orb of fire is severely damaged.
You closely miss the orb of fire.
The orb of fire is severely damaged.
You slice the orb of fire!!
The orb of fire is severely damaged.
The orb of fire glows yellow.
The fireball explodes!
The fireball engulfs you!
You die...

....## .§≈≈≈# #...
.# §.≈≈≈≈ .(. .#
≈.≈≈≈≈ #..##.#
§.≈≈≈≈ .....#
≈.≈≈≈. .(#.# §≈§.
#.#%# ≈≈≈. #*#.#
#.@.# ##).#
################))#
...........%..%.)>#
#################)#
#)# #.# #.# #.#


You could see an orb of fire.

Vanquished Creatures
  2 ancient liches (Vaults:5)
  Mennas (Vaults:2)
  A juggernaut (Depths:4)
  Boris (Vaults:4)
  2 pandemonium lords (Zig:11)
  Norris (Vaults:2)
  Vashnia (Snake:2)
  4 caustic shrikes
  Saint Roka (Vaults:2)
  8 golden dragons
  4 Killer Klowns
  Nikola (Shoals:4)
  4 iron giants
  2 electric golems
  Jorgrun (Snake:2)
  3 liches
  21 tentacled monstrosities
  2 deep elf master archers (Elf:3)
  A quicksilver dragon (shapeshifter) (Zig:11)
  3 quicksilver dragons (Vaults:5)
  7 titans
  3 acid blobs
  5 death cobs
  3 deep elf blademasters
  Polyphemus (Shoals:2)
  Gastronok (D:9)
  6 tengu reavers
  Frances (D:14)
  A kraken (Shoals:4)
  8 sphinxes
  Ilsuiw (Shoals:4)
  An azure jelly (shapeshifter) (Zig:11)
  2 azure jellies
  Donald (Shoals:4)
  17 storm dragons
  11 shadow dragons
  13 greater nagas
  14 draconian monks
  13 fire giants
  3 draconian knights
  8 frost giants
  An iron dragon (Depths:4)
  Maud (Lair:7)
  11 deep elf sorcerers
  Wiglaf (Snake:2)
  A caustic shrike zombie (Depths:2)
  3 draconian scorchers
  A ghost moth (Zot:1)
  15 vault wardens
  Aizul (Snake:2)
  6 draconian zealots
  An orc warlord (Bailey)
  9 deep elf elementalists
  Louise (Elf:1)
  4 draconian annihilators
  2 war gargoyles
  15 very ugly things
  3 reapers
  16 ironheart preservers
  3 spriggan defenders
  4 draconian callers
  Nessos (Lair:6)
  31 stone giants
  7 green draconians
  2 vampire knights (Depths:4)
  The ghost of Kidiri the Thaumaturge, a journeyman DEFE of Vehumet (Lair:6)
  7 black draconians
  A dire elephant (Lair:8)
  9 purple draconians
  10 yellow draconians
  6 deep elf annihilators (Elf:3)
  7 deep elf demonologists
  12 red draconians
  9 white draconians
  9 mottled draconians
  An orange crystal statue (WizLab)
  7 spark wasps
  12 ettins
  A crystal guardian (Zig:5)
  3 merfolk impalers
  A death ooze (Zig:10)
  11 deep elf death magi
  6 merfolk javelineers
  A fire dragon (shapeshifter) (Vaults:5)
  16 yaktaur captains
  34 vault guards
  A mummy priest (Zig:8)
  Josephine (D:10)
  22 fire dragons
  3 deep elf high priests
  3 jiangshi (Depths:2)
  8 great orbs of eyes
  2 rakshasas (Depths:1)
  9 entropy weavers
  15 ice dragons
  13 naga warriors
  20 hydras
  2 catoblepae
  4 spriggan air magi
  21 anacondas
  7 merfolk aquamancers
  A death knight (D:13)
  12 ogre magi
  5 merfolk avatars
  3 alligator snapping turtles (Shoals:4)
  8 deep troll shamans
  16 centaur warriors
  25 dancing weapons
  A satyr (Shoals:3)
  7 deep troll earth magi
  A queen ant (Lair:1)
  2 large abominations
  A hell hog (shapeshifter) (Vaults:5)
  4 tengu warriors
  3 vampire magi
  16 naga sharpshooters
  6 death yaks
  4 spriggan berserkers
  2 hell knights
  2 storm dragon zombies (Zig:12)
  7 orc high priests
  A sun demon (Depths:5)
  An iron giant zombie (Zig:12)
  10 shock serpents
  35 deep elf knights
  5 iron trolls
  A soul eater (Depths:5)
  2 shadow wraiths
  2 fire crabs
  An iron giant skeleton (Zig:12)
  2 salamander mystics
  A skeletal warrior (Vaults:1)
  A swamp dragon (shapeshifter) (Elf:1)
  11 sea snakes
  4 swamp dragons
  7 giant orange brains
  A death drake (shapeshifter) (Depths:4)
  4 unseen horrors
  An unseen horror (shapeshifter) (Depths:1)
  A flayed ghost (Depths:4)
  34 deep trolls
  A golden dragon skeleton (Depths:2)
  11 naga ritualists
  10 hill giants
  22 deep elf archers
  20 orc knights
  6 phantasmal warriors
  Pikel (D:6)
  20 ironbrand convokers
  2 sphinx zombies (Zig:12)
  A shadow dragon zombie (Depths:2)
  18 harpies
  An anubis guard (Zig:8)
  4 necromancers
  2 tengu zombies
  3 oklob plants (Lair:8)
  An orb spider (shapeshifter) (Vaults:1)
  35 ugly things
  6 wizards
  20 griffons
  A harpy (shapeshifter) (Depths:2)
  19 fauns
  2 shining eyes
  20 mana vipers
  4 wolf spiders
  3 hornets
  14 manticores
  13 salamanders
  A fire giant zombie (Zig:12)
  A shining eye (shapeshifter) (Vaults:5)
  A moth of wrath (shapeshifter) (Elf:1)
  4 orc sorcerers
  8 cyclopes
  77 deep elf magi
  A sixfirhy (Lair:8)
  2 centaur zombies
  A frost giant skeleton (Vaults:2)
  Maurice (D:9)
  A sphinx skeleton (Depths:2)
  45 black mambas
  A tengu skeleton (Vaults:2)
  3 rust devils (Zig:12)
  2 salamanders (shapeshifter)
  12 moths of wrath
  9 vault sentinels
  2 ice statues
  18 guardian serpents
  13 sirens
  6 water nymphs
  15 naga magi
  3 apocalypse crabs (Zig:11)
  4 molten gargoyles (D:14)
  A smoke demon (Lair:8)
  A yaktaur zombie (Vaults:2)
  15 spiny frogs
  A gargoyle (D:14)
  3 orange demons
  3 rime drakes
  A spiny frog (shapeshifter) (Depths:2)
  12 komodo dragons
  A yaktaur (shapeshifter) (Vaults:2)
  The ghost of M4edhros the Chopper, a novice HaBe of Trog (D:7)
  A kobold demonologist (D:15)
  A tormentor (Zig:12)
  An efreet (D:15)
  81 yaktaurs
  8 ice devils
  A komodo dragon (shapeshifter) (Depths:4)
  6 freezing wraiths
  3 tengu conjurers
  A hellwing (Lair:8)
  3 red devils
  5 guardian mummies (Zig:8)
  29 merfolk
  A yaktaur skeleton (Vaults:4)
  8 trolls
  A troll (shapeshifter) (Vaults:1)
  19 polar bears
  2 wind drakes (Shoals:4)
  A wolf spider simulacrum (D:15)
  A raiju (shapeshifter) (Elf:3)
  29 two-headed ogres
  47 slime creatures
  A blink frog (shapeshifter) (Elf:3)
  12 blink frogs
  4 boulder beetles
  A wind drake (shapeshifter) (Vaults:1)
  A snapping turtle (shapeshifter) (Depths:1)
  An ettin zombie (Vaults:4)
  2 ushabtiu (Zig:8)
  7 snapping turtles
  2 redbacks (shapeshifter)
  A human simulacrum (Vaults:3)
  An ettin skeleton (Vaults:2)
  2 spriggans (shapeshifter)
  8 air elementals
  15 water elementals
  20 redbacks
  A centaur simulacrum (D:14)
  5 wraiths (D:10)
  4 fire elementals
  A human (shapeshifter) (Vaults:1)
  3 spriggans (Depths:5)
  Eustachio (D:4)
  2 wyverns
  54 yaks
  2 basilisks
  A chaos spawn (Zig:11)
  Grum (D:9)
  4 wargs
  3 hippogriffs (shapeshifter)
  6 hungry ghosts
  12 vampire mosquitoes
  12 hippogriffs
  Menkaure (D:6)
  2 mottled dragons
  A swamp worm (shapeshifter) (Vaults:5)
  53 nagas
  21 soldier ants
  19 water moccasins
  A giant eyeball (shapeshifter) (Depths:1)
  5 hell hounds
  4 giant eyeballs
  A hell hound (shapeshifter) (Vaults:2)
  6 porcupines
  An ice beast (shapeshifter) (Vaults:1)
  5 ice beasts
  63 orc warriors
  2 sky beasts
  The ghost of Ijustatesigmund the Skirmisher, an amateur HOFi (D:3)
  2 wasps (Depths:5)
  5 black bears
  2 necrophages
  4 phantoms
  An ettin simulacrum (Vaults:2)
  29 centaurs
  2 eyes of draining
  50 ogres
  An elf skeleton (Vaults:4)
  43 wolves
  6 boggarts
  15 crocodiles
  Blork the orc (D:4)
  4 big kobolds
  17 giant frogs
  2 gnoll sergeants
  A deep troll simulacrum (Vaults:1)
  3 earth elementals
  4 scorpions
  2 wyvern skeletons
  An electric eel (Snake:2)
  6 howler monkeys
  A vampire bat (D:3)
  4 wights
  9 crimson imps
  4 quasits
  14 jellies
  25 orc wizards
  Crazy Yiuf (D:3)
  3 gnoll shamans
  34 orc priests
  7 hounds
  A giant frog skeleton (D:13)
  7 iron imps
  Jessica (D:3)
  4 centaur skeletons
  12 iguanas
  Ijyb (D:3)
  A lightning spire (Zig:6)
  37 worker ants
  A hell rat (Lair:4)
  2 yak simulacra (Lair:7)
  A polar bear simulacrum (Lair:7)
  A killer bee zombie (D:9)
  18 sheep
  5 wolf simulacra (Lair:7)
  A hound skeleton (D:10)
  A worker ant zombie (D:9)
  5 mummies
  A howler monkey zombie (D:7)
  37 gnolls
  19 adders
  25 river rats
  5 shadow imps
  4 white imps
  An ufetubus (Depths:5)
  An ooze (D:1)
  3 adder skeletons
  2 worms (D:3)
  3 dart slugs
  4 giant geckos
  128 orcs
  2 ball pythons
  8 bats
  2 giant cockroaches
  8 goblins
  14 hobgoblins
  35 jackals
  4 quokkas
  4 giant newts
  A jackal skeleton (D:6)
  31 kobolds
  A quokka zombie (D:5)
  9 rats
  3 river rat simulacra (Lair:7)
  5 crawling corpses
  11 fungi
  3 plants
  3 tentacles (Shoals:4)
2804 creatures vanquished.

Vanquished Creatures (others)
  A lich (Depths:5)
  A titan (Vaults:5)
  A fire giant (Vaults:5)
  2 deep elf elementalists
  A draconian shifter (Zot:3)
  A red draconian (Depths:5)
  3 ice dragons
  An anaconda (Snake:4)
  A shadow wraith (Vaults:3)
  A harpy (Shoals:4)
  Sigmund (D:6)
  A merfolk (Shoals:4)
  A troll (Orc:1)
  An orc warrior (Elf:1)
  An ogre (Vaults:5)
  A slave (D:6)
  A wasp (Depths:5)
  2 wolves (IceCv)
  A howler monkey (D:6)
  A crimson imp (D:6)
  A shadow imp (D:6)
  A worm (D:6)
  An orc (D:6)
  15 fungi
  11 plants
  5 tentacles (Shoals:4)
  37 tentacle segments (Shoals:4)
95 creatures vanquished.

Grand Total: 2899 creatures vanquished

Notes
Turn   | Place    | Note
--------------------------------------------------------------
     0 | D:1      | Ijustatesigmund the Hill Orc Fighter began the quest for the Orb.
     0 | D:1      | Reached XP level 1. HP: 19/19 MP: 1/1
     3 | D:1      | Noticed an electric eel
    25 | D:1      | Reached skill level 3 in Axes
    27 | D:1      | Noticed an electric eel
    30 | D:1      | Reached XP level 2. HP: 27/27 MP: 2/2
   675 | D:2      | Reached XP level 3. HP: 31/33 MP: 3/3
   754 | D:2      | Found a snail-covered altar of Cheibriados.
   789 | D:2      | Reached skill level 4 in Axes
  1043 | D:2      | Reached XP level 4. HP: 40/40 MP: 4/4
  1274 | D:3      | Noticed Crazy Yiuf
  1283 | D:3      | Killed Crazy Yiuf
  1493 | D:3      | Reached skill level 5 in Axes
  1493 | D:3      | Reached XP level 5. HP: 45/47 MP: 5/5
  1638 | D:3      | Noticed Ijustatesigmund's ghost (amateur HOFi)
  1651 | D:3      | Killed Ijustatesigmund's ghost
  1651 | D:3      | Reached skill level 5 in Fighting
  1651 | D:3      | Reached XP level 6. HP: 14/56 MP: 6/6
  2187 | D:3      | Upgraded the game from 0.19-a0-414-g76fec5b to 0.19-a0-450-g98b348d
  2223 | D:3      | Reached skill level 5 in Armour
  2231 | D:3      | Reached skill level 6 in Axes
  2231 | D:3      | Reached XP level 7. HP: 33/63 MP: 7/7
  2448 | D:3      | Noticed Jessica
  2460 | D:3      | Killed Jessica
  2751 | D:3      | Noticed Ijyb
  2760 | D:3      | Killed Ijyb
  2942 | D:3      | Reached skill level 7 in Axes
  3380 | D:4      | Reached XP level 8. HP: 35/73 MP: 8/8
  3396 | D:4      | Reached skill level 8 in Axes
  3574 | D:4      | Found a staircase to the Ecumenical Temple.
  3586 | Temple   | Entered the Ecumenical Temple
  3627 | D:4      | Noticed Eustachio
  3640 | D:5      | Entered Level 5 of the Dungeon
  4246 | D:6      | Noticed Pikel
  4270 | D:6      | Killed Pikel
  4270 | D:6      | Reached skill level 9 in Axes
  4270 | D:6      | Reached skill level 5 in Shields
  4316 | D:6      | Reached XP level 9. HP: 80/83 MP: 9/9
  4370 | D:6      | Noticed Menkaure
  4373 | D:6      | Noticed Sigmund
  4377 | D:6      | Killed Menkaure
  4744 | D:6      | Found a glowing drain.
  4751 | Sewer    | Entered a sewer
  5127 | Sewer    | Reached skill level 10 in Axes
  5178 | Sewer    | Found a glowing silver altar of Zin.
  5605 | D:6      | Killed Sigmund
  5888 | D:4      | Killed Eustachio
  5888 | D:4      | Reached skill level 10 in Fighting
  5931 | D:4      | Found a stormy altar of Qazlal.
  5963 | D:4      | Reached skill level 1 in Evocations
  5998 | D:4      | Found a bloodstained altar of Trog.
  6088 | D:4      | Noticed Blork the orc
  6092 | D:4      | Killed Blork the orc
  6273 | D:7      | Found an oddly glowing altar of Pakellas.
  6717 | D:7      | Found Dopoydir's General Store.
  6726 | D:7      | Reached skill level 5 in Evocations
  6889 | D:7      | Reached XP level 10. HP: 76/93 MP: 14/14
  7062 | D:7      | Noticed M4edhros's ghost (novice HaBe)
  7077 | D:7      | Killed M4edhros's ghost
  7369 | D:8      | Found a staircase to the Lair.
  7392 | D:8      | Found a glowing golden altar of the Shining One.
  7396 | D:8      | Found a sparkling altar of Nemelex Xobeh.
  7401 | D:8      | Found a hide-covered altar of Uskayaw.
  7409 | D:8      | Became a worshipper of Uskayaw the Reveler
  7442 | D:8      | Reached * piety under Uskayaw
  7461 | D:8      | Reached ** piety under Uskayaw
  7464 | D:8      | Reached *** piety under Uskayaw
  7535 | D:8      | Reached skill level 1 in Invocations
  7575 | D:8      | Found a glowing silver altar of Zin.
  7756 | D:8      | Reached **** piety under Uskayaw
  7894 | D:8      | Found a hazy altar of Hepliaklqana.
  8048 | D:9      | Reached skill level 5 in Invocations
  8053 | D:9      | Reached ***** piety under Uskayaw
  8362 | D:9      | Noticed Gastronok
  8372 | D:9      | Reached skill level 1 in Dodging
  8398 | D:9      | Killed Gastronok
  8398 | D:9      | Reached XP level 11. HP: 36/99 MP: 17/17
  8840 | D:9      | Found a shadowy altar of Dithmenos.
  9051 | D:9      | Noticed Grum
  9068 | D:9      | Reached skill level 1 in Stealth
  9069 | D:9      | Killed Grum
  9069 | D:9      | Reached ****** piety under Uskayaw
  9276 | D:9      | Noticed Maurice
  9436 | D:9      | Found a radiant altar of Vehumet.
 10007 | D:10     | Entered Level 10 of the Dungeon
 10008 | D:10     | Noticed Josephine
 10022 | D:10     | Killed Josephine
 10839 | D:10     | Gained mutation: You are partially covered in thin metallic scales. (AC +2) [potion of beneficial mutation]
 10840 | D:10     | Gained mutation: You have a pair of small horns on your head. [potion of beneficial mutation]
 10864 | D:10     | Reached skill level 11 in Axes
 11414 | D:11     | Found a staircase to the Orcish Mines.
 11426 | D:11     | Identified the Grimoire of Flight
 11489 | D:11     | You fall through a shaft!
 11525 | D:12     | Found Pezel's Food Emporium.
 11557 | D:12     | Found a flagged portal.
 11594 | D:12     | Got a crystal hand axe
 11600 | Bailey   | Entered a bailey
 11601 | Bailey   | Identified the +8 hand axe of Qeulool {venom, rF+ rC+} (You found it on level 12 of the Dungeon)
 11606 | Bailey   | Noticed an orc warlord
 11655 | Bailey   | Noticed an orc knight
 11671 | Bailey   | Killed an orc knight
 11671 | Bailey   | Reached skill level 12 in Axes
 11682 | Bailey   | Found a runed gate.
 11682 | Bailey   | Found a runed gate.
 11682 | Bailey   | Found a runed gate.
 11705 | Bailey   | Reached XP level 12. HP: 78/110 MP: 18/18
 11839 | Bailey   | Killed an orc warlord
 12371 | D:12     | Reached skill level 13 in Axes
 12529 | D:13     | Noticed a death knight
 12538 | D:13     | Killed a death knight
 12542 | D:13     | Found a gate to the Vaults.
 12542 | D:13     | Noticed a centaur warrior
 12542 | D:13     | Noticed a vault guard
 12542 | D:13     | Noticed a vault guard
 12542 | D:13     | Noticed a vault guard
 12542 | D:13     | Noticed a centaur warrior
 12544 | D:13     | Noticed a vault guard
 12546 | D:13     | Killed a centaur warrior
 12548 | D:13     | Killed a vault guard
 12550 | D:13     | Killed a centaur warrior
 12554 | D:13     | Killed a vault guard
 12555 | D:13     | Killed a vault guard
 12555 | D:13     | Reached skill level 14 in Axes
 12556 | D:13     | Killed a vault guard
 13037 | D:13     | Noticed a centaur warrior
 13050 | D:13     | Killed a centaur warrior
 13050 | D:13     | Reached XP level 13. HP: 106/122 MP: 19/19
 13166 | D:13     | Gained mutation: Your mind is acute. (Int +2) [potion of beneficial mutation]
 13249 | D:13     | Learned a level 2 spell: Repel Missiles
 13541 | D:13     | Learned a level 1 spell: Apportation
 14267 | D:14     | Noticed Frances
 14287 | D:14     | Killed Frances
 14760 | D:14     | Reached skill level 1 in Translocations
 14836 | D:14     | Reached skill level 10 in Invocations
 15038 | D:15     | Entered Level 15 of the Dungeon
 15123 | D:15     | Reached skill level 10 in Armour
 15630 | D:15     | Noticed a fire giant
 15648 | D:15     | Killed a fire giant
 15919 | D:15     | Found a glowing silver altar of Zin.
 15957 | D:15     | Reached XP level 14. HP: 103/129 MP: 21/21
 16106 | D:15     | Found a staircase to the Depths.
 16569 | Lair:1   | Entered Level 1 of the Lair of Beasts
 16651 | Lair:1   | Reached skill level 5 in Translocations
 17556 | Lair:1   | Reached skill level 15 in Axes
 17556 | Lair:1   | Reached skill level 10 in Shields
 17556 | Lair:1   | Reached XP level 15. HP: 136/136 MP: 21/23
 19076 | Lair:4   | Found a staircase to the Shoals.
 19603 | Lair:4   | Found a staircase to the Snake Pit.
 20066 | Lair:5   | Got a jewelled long sword
 20206 | Lair:5   | Got a distressingly furry ring mail
 20590 | Lair:5   | Identified the +3 ring mail of Light {Dex+4} (You found it on level 5 of the Lair of Beasts)
 20650 | Lair:6   | You fall through a shaft for 2 floors!
 20650 | Lair:8   | Entered Level 8 of the Lair of Beasts
 20760 | Lair:7   | Reached skill level 1 in Air Magic
 20799 | Lair:7   | Found a frozen archway.
 20821 | IceCv    | Entered an ice cave
 20911 | IceCv    | Reached skill level 16 in Axes
 21128 | IceCv    | Reached XP level 16. HP: 98/145 MP: 25/25
 21329 | IceCv    | Reached skill level 1 in Charms
 21421 | IceCv    | Learned a level 2 spell: Swiftness
 22278 | Lair:6   | Noticed Kidiri's ghost (journeyman DEFE)
 22295 | Lair:6   | Killed Kidiri's ghost
 22536 | Lair:6   | Learned a level 2 spell: Blink
 22540 | Lair:6   | Learned a level 3 spell: Portal Projectile
 22559 | Lair:6   | Noticed Nessos
 22572 | Lair:6   | Killed Nessos
 23711 | Lair:7   | Noticed Maud
 23719 | Lair:7   | Killed Maud
 23997 | Lair:8   | Found a staircase to the Slime Pits.
 24555 | Lair:8   | Found a burning altar of Makhleb.
 24601 | Lair:8   | Found a gateway to Hell.
 25192 | Lair:1   | Learned a level 4 spell: Passage of Golubria
 25253 | Shoals:1 | Entered Level 1 of the Shoals
 25380 | Shoals:1 | Reached XP level 17. HP: 143/154 MP: 26/26
 26005 | Shoals:2 | Reached skill level 10 in Translocations
 26206 | Shoals:2 | Noticed Polyphemus
 26222 | Shoals:2 | Reached skill level 17 in Axes
 26230 | Shoals:2 | Killed Polyphemus
 26230 | Shoals:2 | Reached skill level 15 in Fighting
 26313 | Shoals:2 | Noticed Roxanne
 26490 | Shoals:3 | Found Kiqe Tio's Gadget Shoppe.
 27253 | Shoals:4 | Entered Level 4 of the Shoals
 27253 | Shoals:4 | Noticed Nikola
 27258 | Shoals:4 | Noticed Ilsuiw
 27264 | Shoals:4 | Reached skill level 1 in Throwing
 27583 | Shoals:4 | Noticed Donald
 27601 | Shoals:4 | Killed Donald
 28118 | Shoals:4 | HP: 4/158 [something/shard of ice (14)]
 28162 | Shoals:4 | Reached XP level 18. HP: 33/166 MP: 27/27
 28167 | Shoals:4 | HP: 5/166 [merfolk aquamancer/great wave of water (18)]
 28677 | Shoals:4 | Got a barnacled rune of Zot
 28774 | Shoals:4 | Identified a scroll of acquirement
 28777 | Shoals:4 | Got a transparent large shield
 28788 | Shoals:4 | Identified the +5 large shield of Greed {rElec} (You acquired it on level 4 of the Shoals)
 28880 | Shoals:4 | Killed Nikola
 29031 | Shoals:4 | Killed Ilsuiw
 29522 | Lair:2   | Reached skill level 5 in Throwing
 29682 | Vaults:1 | Entered Level 1 of the Vaults
 30233 | Vaults:1 | Reached skill level 5 in Dodging
 31246 | Vaults:1 | Reached XP level 19. HP: 172/172 MP: 28/28
 31306 | Vaults:1 | Noticed a Hell Sentinel
 31522 | Vaults:2 | Noticed Norris
 31546 | Vaults:2 | Killed Norris
 31614 | Vaults:2 | Found Egruz's Armour Boutique.
 31626 | Vaults:2 | Got a faintly humming cloak
 31906 | Vaults:2 | Identified the +0 cloak "Veroegunt" {Int+4} (You found it on level 2 of the Vaults)
 32032 | Vaults:2 | Reached skill level 5 in Stealth
 32070 | Vaults:2 | Got a jewelled leather armour
 32071 | Vaults:2 | Identified the +1 leather armour of the Trilobite {Slay+2} (You found it on level 2 of the Vaults)
 32167 | Vaults:2 | Noticed Mennas
 32167 | Vaults:2 | Killed Mennas
 32295 | Vaults:2 | Got a bound brass amulet
 32296 | Vaults:2 | Identified the amulet "Maasm" {Inacc Str+3} (You found it on level 2 of the Vaults)
 32333 | Vaults:2 | Noticed Saint Roka
 32359 | Vaults:2 | Killed Saint Roka
 32687 | Shoals:1 | Got a twisted plate armour
 32688 | Shoals:1 | Identified the cursed +1 plate armour of Jiuptuwk {+Blink} (You found it on level 1 of the Shoals)
 32856 | D:9      | Killed Maurice
 33228 | Vaults:2 | Reached skill level 18 in Axes
 33451 | Vaults:2 | Noticed a tentacled monstrosity
 33460 | Vaults:2 | Killed a tentacled monstrosity
 33495 | Vaults:2 | Noticed a tentacled monstrosity
 33503 | Vaults:2 | Killed a tentacled monstrosity
 33771 | Vaults:2 | Found a staircase to the Crypt.
 33771 | Vaults:2 | Found a basalt altar of Yredelemnul.
 33772 | Vaults:2 | Found an ancient bone altar of Kikubaaqudgha.
 33897 | Vaults:2 | Reached XP level 20. HP: 177/181 MP: 29/29
 35669 | Vaults:4 | Reached skill level 15 in Armour
 36083 | Vaults:4 | Noticed Boris
 36110 | Vaults:4 | Killed Boris
 36110 | Vaults:4 | Reached XP level 21. HP: 128/189 MP: 30/30
 36469 | Vaults:4 | Reached skill level 5 in Charms
 36473 | Vaults:4 | Got a clouded glass ring
 36474 | Vaults:4 | Identified the cursed ring "Qatsynos" {rC+ MR+ Int-5 Stlth+} (You found it on level 4 of the Vaults)
 36684 | Orc:1    | Entered Level 1 of the Orcish Mines
 36724 | Orc:2    | Entered Level 2 of the Orcish Mines
 37002 | Orc:1    | Reached skill level 5 in Air Magic
 37182 | Orc:2    | Found a staircase to the Elven Halls.
 37212 | Orc:2    | Found a burning altar of Makhleb.
 37762 | Orc:2    | Found Usyrebyi's Jewellery Shoppe.
 37762 | Orc:2    | Found Meumu's General Store.
 37763 | Orc:2    | Found Piucirei's Armour Emporium.
 37763 | Orc:2    | Found Meoll's Armour Shoppe.
 37774 | Orc:2    | Bought a scroll of identify for 26 gold pieces
 37774 | Orc:2    | Bought a potion of heal wounds for 65 gold pieces
 37775 | Orc:2    | Bought the +7 storm dragon armour "Neqogis" {+Blink rElec rPois rC- Str+2} for 2046 gold pieces
 37861 | Elf:1    | Entered Level 1 of the Elven Halls
 37883 | Elf:1    | Got a pitted platinum ring
 37884 | Elf:1    | Identified the ring "Jiucluh" {*Tele rN+ Dex+4} (You found it on level 1 of the Elven Halls)
 38420 | Elf:1    | Found a magical portal.
 38433 | WizLab   | Entered Wucad Mu's Monastery
 39370 | WizLab   | Gained mutation: Your flesh is cold resistant. (rC+) [potion of beneficial mutation]
 39500 | Elf:1    | Reached XP level 22. HP: 196/196 MP: 31/31
 39786 | Elf:1    | Noticed Louise
 39797 | Elf:1    | Killed Louise
 39803 | Elf:1    | Reached skill level 1 in Spellcasting
 40543 | Elf:2    | Found Acoc's Book Shoppe.
 40624 | Elf:2    | Bought a manual of Charms for 1435 gold pieces
 40650 | Elf:2    | Found a runed gate.
 40652 | Elf:2    | Found a runed gate.
 40655 | Elf:2    | Found a runed gate.
 40743 | Elf:2    | Reached XP level 23. HP: 198/203 MP: 32/32
 40804 | Elf:2    | Reached skill level 10 in Charms
 41025 | Elf:3    | Entered Level 3 of the Elven Halls
 41416 | Elf:3    | Got a vibrating crystal amulet
 41418 | Elf:3    | Identified the amulet of Sunlight {+Rage rF- rC+ rN+} (You found it on level 3 of the Elven Halls)
 41459 | Elf:3    | Identified the Grimoire of Boosting Stolen Souls (You found it on level 3 of the Elven Halls)
 41503 | Elf:3    | Got a sparkling copper ring
 41505 | Elf:3    | Identified the ring "Itse Musk" {Wiz rF- MR+ Str-3 Int+7} (You found it on level 3 of the Elven Halls)
 41745 | Elf:3    | Got a bloodstained scale mail
 41912 | Elf:3    | Reached skill level 19 in Axes
 42053 | Elf:3    | Upgraded the game from 0.19-a0-450-g98b348d to 0.19-a0-459-gb8ed64d
 42063 | Elf:3    | Identified the cursed +0 scale mail of the Untouchables {*Corrode rF+ MR++ Regen+} (You found it on level 3 of the Elven Halls)
 42361 | Snake:1  | Entered Level 1 of the Snake Pit
 42433 | Snake:1  | Found a shadowy altar of Dithmenos.
 42545 | Snake:1  | Got a polished hand axe
 42556 | Snake:1  | Identified the +6 hand axe of the Traitor {freeze, Int+3} (You found it on level 1 of the Snake Pit)
 42799 | Snake:1  | Found Unibodgh's Antique Armour Boutique.
 42952 | Snake:2  | Noticed Wiglaf
 42967 | Snake:2  | Killed Wiglaf
 43095 | Snake:2  | Noticed Vashnia
 43109 | Snake:2  | Killed Vashnia
 43144 | Snake:2  | Noticed Jorgrun
 43193 | Snake:2  | Noticed Aizul
 43207 | Snake:2  | Killed Aizul
 43220 | Snake:2  | Reached XP level 24. HP: 214/214 MP: 32/32
 43245 | Snake:2  | Found Zasogec's General Store.
 43253 | Snake:2  | Bought 3 scrolls of identify for 84 gold pieces
 43312 | Snake:2  | Killed Jorgrun
 43378 | Snake:2  | Identified the Papyrus of the Excruciating Escort (You acquired it on level 2 of the Snake Pit)
 43536 | Snake:2  | Reached skill level 15 in Shields
 43771 | Snake:2  | Got a transparent garnet amulet
 43772 | Snake:2  | Identified the amulet "Kaeri" {Gourm rC+ Int+3} (You found it on level 2 of the Snake Pit)
 44176 | Snake:3  | Found a stormy altar of Qazlal.
 44785 | Snake:4  | Entered Level 4 of the Snake Pit
 44796 | Snake:4  | Reached skill level 10 in Dodging
 45594 | Snake:4  | Got a serpentine rune of Zot
 46052 | Depths:1 | Entered Level 1 of the Depths
 46109 | Depths:1 | Paralysed by a wizard for 5 turns
 46150 | Depths:1 | Reached XP level 25. HP: 221/221 MP: 32/32
 47027 | Depths:2 | Reached skill level 10 in Stealth
 48085 | Depths:3 | Reached skill level 20 in Axes
 48440 | Depths:3 | Reached XP level 26. HP: 228/228 MP: 34/34
 48454 | Depths:3 | Reached skill level 15 in Invocations
 48539 | Depths:3 | Found a one-way gate leading to the halls of Pandemonium.
 49116 | Depths:4 | Found a one-way gate to the infinite horrors of the Abyss.
 49171 | Depths:4 | Reached skill level 21 in Axes
 49566 | Depths:4 | Noticed a juggernaut
 50239 | Depths:4 | Killed a juggernaut
 50272 | Depths:4 | Got a fine iron ring
 50273 | Depths:4 | Identified the ring of the Albatross {rC- Str+4 Int+2 Dex+6} (You found it on level 4 of the Depths)
 50692 | Depths:4 | Got a brightly glowing brass ring
 50693 | Depths:4 | Identified the ring "Edu Seng" {rPois rN+ Str+3} (You found it on level 4 of the Depths)
 51184 | Depths:5 | Entered Level 5 of the Depths
 51352 | Depths:5 | Found a gateway to a ziggurat.
 51380 | Zig:1    | Entered Level 1 of a ziggurat
 51805 | Zig:2    | Entered Level 2 of a ziggurat
 51839 | Zig:3    | Entered Level 3 of a ziggurat
 51889 | Zig:4    | Entered Level 4 of a ziggurat
 51896 | Zig:4    | Reached XP level 27. HP: 244/244 MP: 35/35
 51943 | Zig:5    | Entered Level 5 of a ziggurat
 51990 | Zig:5    | Got a pair of heavily runed boots
 52004 | Zig:5    | Identified the +4 pair of boots of Ru's Supremacy {rC++} (You found it on level 5 of a ziggurat)
 52012 | Zig:6    | Entered Level 6 of a ziggurat
 52021 | Zig:6    | Noticed Cuci the pandemonium lord
 52027 | Zig:6    | Got a polished war axe
 52031 | Zig:7    | Entered Level 7 of a ziggurat
 52033 | Zig:7    | Identified the +5 war axe of Tiogaa {speed, Str+2} (You found it on level 6 of a ziggurat)
 52411 | Zig:7    | Gained mutation: You are somewhat resistant to further mutation. [potion of beneficial mutation]
 52421 | Zig:7    | Identified Sif Muna's Disquisition on Evil Talismans
 52426 | Zig:7    | Learned a level 3 spell: Regeneration
 52444 | Zig:8    | Entered Level 8 of a ziggurat
 52448 | Zig:8    | Noticed a greater mummy
 52448 | Zig:8    | Noticed a greater mummy
 52476 | Zig:8    | Reached skill level 1 in Necromancy
 52492 | Zig:9    | Entered Level 9 of a ziggurat
 52545 | Zig:9    | Gained mutation: You have a pair of horns on your head. [mutagenic glow]
 53067 | Zig:9    | Got a smoking steel ring
 53074 | Zig:9    | Identified the ring "Ifapiesa" {Str+4 Dex+3 Slay+2 SInv} (You found it on level 9 of a ziggurat)
 53079 | Zig:10   | Entered Level 10 of a ziggurat
 53091 | Zig:10   | Paralysed by a giant eyeball for 3 turns
 53099 | Zig:10   | Reached skill level 5 in Necromancy
 53115 | Zig:10   | Gained mutation: Your magical capacity is low. (-10% MP) [a shining eye]
 53150 | Zig:10   | Learned a level 3 spell: Vampiric Draining
 53159 | Zig:11   | Entered Level 11 of a ziggurat
 53168 | Zig:11   | Noticed Qimigh the pandemonium lord
 53170 | Zig:11   | Noticed Pantutel the pandemonium lord
 53182 | Zig:11   | Killed Pantutel the pandemonium lord
 53185 | Zig:11   | Killed Qimigh the pandemonium lord
 53218 | Zig:11   | Got a ruby-encrusted plate armour
 53225 | Zig:11   | Got a dazzling ring mail
 53248 | Zig:11   | Identified the cursed +1 plate armour of Sin {Regen+ rCorr} (You found it on level 11 of a ziggurat)
 53269 | Zig:11   | Identified the cursed +0 ring mail of Temperance {rElec rC+ Int+4} (You found it on level 11 of a ziggurat)
 53300 | Zig:12   | Entered Level 12 of a ziggurat
 53370 | Zig:12   | Learned a level 1 spell: Summon Butterflies
 53572 | Zig:13   | Entered Level 13 of a ziggurat
 53581 | Zig:13   | Noticed Itaeqer the pandemonium lord
 53660 | Depths:5 | Reached skill level 10 in Necromancy
 53716 | Depths:5 | Reached skill level 1 in Summonings
 53793 | Depths:5 | Reached skill level 5 in Spellcasting
 53808 | Depths:5 | Found a gate to the Realm of Zot.
 53968 | Depths:5 | Got a faintly humming ring mail
 54137 | Depths:5 | Identified the cursed +0 ring mail "Ybuide" {rElec MR+ Int-5 SInv} (You found it on level 5 of the Depths)
 54470 | Vaults:5 | Entered Level 5 of the Vaults
 54479 | Vaults:5 | Reached skill level 5 in Summonings
 54731 | Vaults:5 | Identified Hudoe's Tome of Creative Augmentations
 54873 | Vaults:5 | Noticed an ancient lich
 54881 | Vaults:5 | Killed an ancient lich
 55171 | Vaults:5 | Reached skill level 10 in Summonings
 55355 | Vaults:5 | Got a silver rune of Zot
 55392 | Vaults:5 | Noticed an ancient lich
 55402 | Vaults:5 | Killed an ancient lich
 55435 | Vaults:5 | Got a heavily runed ring mail
 55436 | Vaults:5 | Identified the +6 ring mail "Limuat" {Slay+3} (You found it on level 5 of the Vaults)
 55650 | Vaults:5 | Reached skill level 10 in Evocations
 55667 | Vaults:5 | Got a pitted jade ring
 55749 | Vaults:5 | Identified the ring "Rifaechypuss" {+Fly Str+4 Dex+2} (You found it on level 5 of the Vaults)
 56320 | Zot:1    | Entered Level 1 of the Realm of Zot
 57560 | Zot:3    | Reached skill level 15 in Evocations
 58893 | Zot:4    | Noticed an orb of fire
 58917 | Zot:4    | Killed from afar by an orb of fire

Vault maps used:
D:1:      arrival_aquarium_b, serial_bayou_ford_a
D:2:      kennysheep_slug_shrine
D:3:      lemuel_castle_with_subvaults, first_bread, st_stairs_6,
          roderic_batcave, roderic_serpentine_path, uniq_iyjb, uniq_jessica,
          uniq_crazy_yiuf_cottage
D:4:      nicolae_qazlal_general_emergency, lemuel_doored_altar, uniq_eustachio,
          uniq_blork_the_orc
D:6:      lightli_sewer_entry_pipes, kennysheep_dice, uniq_sigmund, uniq_pikel,
          uniq_menkaure
D:7:      grunt_pakellas_mercury, serial_shops, shop
D:8:      zin_scriptorium, nicolae_overflow_hidden_temple,
          minmay_overflow_temple_star_quad
D:9:      minmay_flawed_box, nicolae_dithmenos_shadow_blocks, vehumet_crystals,
          minmay_joined_circles, uniq_maurice, uniq_grum, uniq_gastronok
D:10:     uniq_josephine
D:11:     minmay_stone_box, orc_0_dummy
D:12:     serial_shops, shop_fountains, enter_bailey_2
D:13:     lightli_vaults_fourway_checkpoint, blue_anna_alchemist,
          lemuel_nasty_fountain
D:14:     minivault_8, uniq_frances
D:15:     grunt_enter_depths_giant_problem, basic_altar
Temple:   nicolae_temple_no_exploring_needed
Lair:1:   minivault_29
Lair:2:   serial_forest, infiniplex_forest_zigzag_1, infiniplex_forest_join,
          infiniplex_forest_lined_3, infiniplex_forest_3_way,
          infiniplex_forest_clump_double, infiniplex_forest_zigzag_1
Lair:3:   grunt_megastairs_2
Lair:4:   minmay_shoals_entry_beasts, guppyfry_snake_entry_garden,
          beast_lair_carwin_9, infiniplex_staircase_pool
Lair:5:   lemuel_fruit_tree, grunt_megastairs_4
Lair:6:   serial_bayou_shore_b, serial_bayou_shore_b, uniq_nessos
Lair:7:   portal_ice_cave_demonic_guard, eino_house_with_fridge, uniq_maud
Lair:8:   evil_forest, minmay_slime_entry_oklob_open, minivault_19
Shoals:1: cheibrodos_shoals_roost
Shoals:2: nicolae_shoals_loop_pool, uniq_roxanne, uniq_polyphemus
Shoals:3: serial_shops, shop
Shoals:4: shoals_end_hangedman, shoals_ilsuiw_ice, uniq_nikola, uniq_donald
Snake:1:  serial_shops, nicolae_shop_crystal, basic_altar,
          hangedman_snake_corridor_cut
Snake:2:  kennysheep_snake, serial_shops, nicolae_shop_trees,
          nrook_loot_triangle, serial_bayou_shore_a, uniq_wiglaf, uniq_vashnia,
          uniq_jorgrun, uniq_aizul
Snake:3:  basic_altar, st_stairs_11, basic_stair_grate_trap
Snake:4:  grunt_snake_rune_serpentine_throne
Orc:2:    st_orc_pillars, bloody_makhleb
Elf:1:    mu_enter_wizlab_2, orc_legates, uniq_louise
Elf:2:    serial_shops, nicolae_shop_behind_doors
Elf:3:    grunt_elf_hall_spiral, minivault_28
Vaults:1: v_misc_31, vaults_mumra_minichess, nicolae_vaults_big_ls,
          nicolae_vaults_little_squares_3, dpeg_vaults_monster_row,
          vaults_room_door_ring
Vaults:2: vaults_dpeg_ring, v_misc_14, minmay_crypt_entry_necro_gods,
          hangedman_vaults_variations, hangedman_vaults_unwind,
          grunt_vaults_swirl, ontoclasm_vaults_ring_large,
          nicolae_vaults_octagons, ontoclasm_vaults_shuriken,
          nicolae_vaults_mini_display_case, v_misc_26, vaults_room_corners,
          serial_shops, nicolae_shop_trees, uniq_saint_roka, uniq_norris,
          uniq_mennas
Vaults:3: v_misc_1, ontoclasm_vaults_shout, v_misc_3, v_misc_4, v_misc_14,
          hangedman_vaults_trim
Vaults:4: ontoclasm_vaults_ligature, v_misc_8, grunt_vaults_diagonal,
          vaults_mumra_hexcomb, v_misc_5, v_misc_13, v_misc_1,
          ontoclasm_vaults_hangar, nicolae_vaults_windows_and_doors_thing,
          vaults_room_grid, vaults_room_semicircle, grunt_vaults_bifocal,
          ontoclasm_vaults_tryst, dpeg_vaults_monster_box,
          hangedman_vaults_stretched_pinwheel, uniq_boris
Depths:1: hell_entry, minmay_misc_feat_doors, lightli_minifort,
          grunt_megastairs_5, firewood_loft
Depths:2: evilmike_lava_path, hangedman_coc_ice_floe, nicolae_wwwww,
          infiniplex_staircase_trident, serial_bayou_shore_b
Depths:3: thingy_vault, special_room, roderic_roman_lattice, hell_entry,
          pan_entry
Depths:4: little_maze_vault, abyss_entry, rand_demon_pan_entry_9,
          hangedman_glass_teeth, grunt_hell_entry_dis_mu
Depths:5: grunt_zot_entry_alcove, enter_ziggurat_a, hell_entry,
          grunt_pan_entry_in_and_out, abyss_entry, lemuel_old_faithful
Zot:2:    hangedman_zot_decor_scrapings
Zot:3:    nicolae_zot_stationary_front
Zot:4:    basic_stair_grate_trap
Zig:2:    ziggurat_loot_3
Zig:7:    ziggurat_loot_1
Zig:10:   ziggurat_loot_3
Sewer:    sewer_kobolds
Bailey:   bailey_axe_bossmonster_kennysheep, bailey
IceCv:    ice_cave_caverns_02
WizLab:   wizlab_wucad

Skill      XL: |  1  2  3  4  5  6  7  8  9 10 11 12 13 14 15 16 17 18 19 20 21 22 23 24 25 26 27 |
---------------+----------------------------------------------------------------------------------+-----
Axes           | 3 4 5 6 7 9 10 12 14 15 16 17 18 19 20 21 | 21.5
Fighting       | 4 5 6 7 9 10 11 13 14 15 16 17 19 | 19.6
Armour         | 4 5 6 10 12 13 15 16 | 16.0
Shields        | 5 6 7 10 11 12 14 17 | 17.2
Evocations     | 6 8 19 | 19.0
Invocations    | 6 10 11 12 13 14 17 | 17.0
Dodging        | 3 4 6 7 8 11 | 11.4
Stealth        | 4 6 12 | 12.1
Translocations | 3 5 9 10 11 12 13 | 13.8
Air Magic      | 1 2 3 4 6 7 |  7.9
Charms         | 2 3 4 7 9 14 | 14.0
Throwing       | 3 6 |  6.6
Spellcasting   | 3 9 |  9.9
Necromancy     | 10 | 10.0
Summonings     | 11 | 11.3

Action                   |  1- 3 |  4- 6 |  7- 9 | 10-12 | 13-15 | 16-18 | 19-21 | 22-24 | 25-27 || total
-------------------------+-------+-------+-------+-------+-------+-------+-------+-------+-------++-------
Melee: War axe           |   102 |   142 |   433 |   478 |   323 |  1489 |  1521 |  1421 |  2535 ||  8444
       Hand axe          |       |       |       |   116 |   552 |       |       |       |       ||   668
       Headbutt          |       |       |       |    67 |   242 |   474 |   464 |   349 |   965 ||  2561
Throw: Javelin           |       |       |       |       |       |    38 |       |     4 |    26 ||    68
 Cast: Blink             |       |       |       |       |       |     4 |       |       |       ||     4
       Repel Missiles    |       |       |       |       |       |     6 |     6 |     8 |     9 ||    29
       Regeneration      |       |       |       |       |       |       |       |       |     7 ||     7
       Portal Projectile |       |       |       |       |       |       |       |       |     3 ||     3
       Passage of Golubr |       |       |       |       |       |       |       |       |     1 ||     1
Invok: Stomp             |       |       |       |     3 |     1 |     2 |       |     1 |     2 ||     9
       Grand Finale      |       |       |       |       |       |     1 |     4 |     2 |     6 ||    13
       Line Pass         |       |       |       |       |       |       |       |     2 |     1 ||     3
 Abil: Evoke Berserk Rag |       |       |       |     2 |     6 |     1 |     1 |       |       ||    10
       Evoke Blink       |       |       |       |       |       |       |       |     2 |     3 ||     5
Evoke: Wand              |       |       |       |    10 |     6 |     7 |       |     1 |    15 ||    39
       Sack of spiders   |       |       |       |       |       |     1 |       |       |       ||     1
       Phantom mirror    |       |       |       |       |       |       |       |       |     2 ||     2
  Use: Scroll            |     6 |     2 |    11 |    10 |    13 |    22 |    13 |    12 |    32 ||   121
       Potion            |       |     3 |       |     7 |     9 |    24 |    12 |     2 |    16 ||    73
 Stab: Paralysed         |       |       |       |    60 |    98 |   187 |   196 |   191 |   449 ||  1181
       Confused          |       |       |       |     2 |       |       |       |       |       ||     2
       Invisible         |       |       |       |     4 |       |       |       |       |     5 ||     9
       Sleeping          |       |       |       |       |       |    20 |     1 |       |    11 ||    32
       Distracted        |       |       |       |       |       |     2 |     3 |       |     2 ||     7
  Eat: Chunk             |       |     4 |     8 |    18 |    19 |     9 |    11 |     6 |    13 ||    88
       Beef jerky        |       |     1 |     1 |       |       |     5 |       |     4 |     3 ||    14
       Bread ration      |       |       |     1 |     3 |       |     2 |     3 |       |     4 ||    13
       Fruit             |       |       |     1 |     2 |    24 |    13 |     4 |     9 |     8 ||    61
       Royal jelly       |       |       |       |       |     1 |     1 |       |       |     2 ||     4
       Meat ration       |       |       |       |       |       |       |     2 |     1 |     2 ||     5
       Pizza             |       |       |       |       |       |       |     1 |       |     3 ||     4
Armor: Chain mail        |    49 |    84 |   212 |   250 |   160 |       |    77 |       |       ||   832
       Plate armour      |       |       |       |    40 |    70 |       |   132 |       |   270 ||   512
       Skin              |       |       |       |       |     1 |       |       |       |       ||     1
       Ring mail         |       |       |       |       |    54 |   444 |    55 |       |       ||   553
       Storm dragon armo |       |       |       |       |       |       |   270 |   329 |   420 ||  1019
Dodge: Dodged            |    20 |    19 |    87 |   159 |   152 |   312 |   396 |   308 |   958 ||  2411
       Deflected         |       |       |       |       |       |     6 |    17 |    34 |    40 ||    97
Block: Shield            |    58 |    68 |   254 |   308 |   111 |    67 |       |       |       ||   866
       Large shield      |       |       |       |       |   439 |  1127 |  1563 |  1348 |  2877 ||  7354
       Reflection        |       |       |       |       |       |     6 |       |       |    60 ||    66
